 Dungeon Crawl Stone Soup version 0.13-a0-2417-g818e1a6 (webtiles) character file.

708 M4edhros the Covert (level 7, -1/44 HPs)
             Began as an Octopode Artificer on July 16, 2013.
             Slain by an orc wizard
             ... wielding a +0,+0 orcish dagger
              (3 damage)
             ... on Level 4 of the Dungeon.
             The game lasted 00:04:27 (3369 turns).

M4edhros the Covert (Octopode Artificer)            Turns: 3369, Time: 00:04:27

HP  -1/44        AC  1     Str 10      XL: 7   Next: 18%
MP  10/10        EV 15     Int 17      God:
Gold 202         SH  0     Dex 12      Spells:  1 memorised,  2 levels left

Res.Fire  : . . .   See Invis. : .   k - +1,+0 dwarf short sword (curse)
Res.Cold  : . . .   Warding    : .   (no shield)
Life Prot.: . . .   Conserve   : .   (helmet restricted)
Res.Poison: .       Res.Corr.  : .   (no amulet)
Res.Elec. : .       Clarity    : .   y - +3 ring of evasion
Sust.Abil.: . .     Spirit.Shd : .   (no ring)
Res.Mut.  : .       Stasis     : .   (no ring)
Res.Rott. : .       Flight     : .   (no ring)
Saprovore : . . .                    (no ring)
                                     (no ring)
                                     (no ring)
                                     (no ring)

@: slightly resistant to hostile enchantments, extremely stealthy
A: almost no armour, amphibious, 8 rings, constrict 8, camouflage 1, AC +1
a: no special abilities


You were on level 4 of the Dungeon.
You were very hungry.

You visited 1 branch of the dungeon, and saw 4 of its levels.

You collected 182 gold pieces.

Inventory:

Hand weapons
 a - a cursed +0,+0 short sword
 k - a cursed +1,+0 dwarven short sword (weapon)
Magical devices
 b - a wand of flame (9)
 c - a wand of enslavement (10)
 d - a wand of random effects (15)
 u - a wand of frost (13) {unknown}
 z - a wand of flame (18)
Comestibles
 h - an apple
 m - a pear
 v - a snozzcumber
Scrolls
 e - 3 scrolls of identify
 f - a scroll of random uselessness {unknown}
 g - a scroll of enchant weapon II
 i - a scroll of blinking {unknown}
 j - 2 scrolls of fear {unknown}
 n - 2 scrolls of remove curse {unknown}
 o - a scroll of curse weapon {unknown}
 r - a scroll of amnesia {unknown}
 w - a scroll of fog
Jewellery
 y - a +3 ring of evasion (left tentacle)
 B - a +2 ring of dexterity {unknown}
Potions
 p - 3 potions of heal wounds
 q - a potion of slowing {unknown}
 s - 4 potions of curing
 x - a potion of brilliance {unknown}
 A - a potion of speed {unknown}
Books
 t - a book of Alchemy

   Spells                             Type                      Level
   Lethal Infusion                    Charms/Necromancy            2
   Sublimation of Blood               Necromancy                   2
   *Condensation Shield               Ice                          4
   Alistair's Intoxication            Transmutation/Poison         4
   Petrify                            Transmutation/Earth          4
   Ignite Poison                      Fire/Transmutation           5


   Skills:
 - Level 1.0 Fighting
 + Level 3.8 Short Blades
 - Level 2.0 Dodging
 * Level 8.5 Stealth
 - Level 2.1 Traps
 + Level 1.6 Ice Magic
 - Level 3.2 Evocations


You had 2 spell levels left.
You knew the following spells:

 Your Spells              Type           Power        Failure   Level  Hunger
a - Condensation Shield   Ice            #.........   95%         4    #####..


Dungeon Overview and Level Annotations

Branches:
Dungeon (4/27)
 Temple: D:4-7

Altars:
Vehumet


Innate Abilities, Weirdness & Mutations

You cannot wear most types of armour.
You are amphibious.
You can wear up to eight rings at the same time.
You can use your tentacles to constrict many enemies at once.
Your skin changes colour to match your surroundings (Stlth).
Your rubbery body absorbs attacks (AC +1).


Message History

Evoke which item? (* to show all) (? for menu, Esc to quit)
Zapping:
c - a wand of enslavement (12)
Press: ? - help, Shift-Dir - straight line, f - orc wizard
Aim: an orc wizard, wielding an orcish dagger and wearing an orcish robe (moving very quickly)
The orc wizard resists.
This wand has 11 charges left.
The orc wizard casts a spell at you. The magic dart hits you!
* * * LOW HITPOINT WARNING * * *
Evoke which item? (* to show all) (? for menu, Esc to quit)
Zapping:
c - a wand of enslavement (11)
Press: ? - help, Shift-Dir - straight line, f/p - orc wizard
Aim: an orc wizard, wielding an orcish dagger and wearing an orcish robe (moving very quickly)
The orc wizard struggles to resist.
This wand has 10 charges left.
The orc wizard hits you with an orcish dagger!
* * * LOW HITPOINT WARNING * * *
The orc wizard hits you but does no damage.
The orc wizard hits you with an orcish dagger.
* * * LOW HITPOINT WARNING * * *
The orc wizard hits you with an orcish dagger.
You die...

#(......<###### #........#
###+##### ##########
#........# ######+##
#........# ###.o.....##
#........# ##s'....o...#
#........######oo#.........
#....[...##.).@.##..?....#
#........##.######.......#
#........#..# #.......#
#.>........## #.......
#...(....### ###+###
######.### #...# ######'##
#.......#


You could see 3 orc wizards and a giant cockroach.

Vanquished Creatures
  Menkaure (D:4)
  A phantom (D:4)
  Blork the orc (D:4)
  An orc priest (D:3)
  A hound (D:4)
  2 ogre skeletons (D:4)
  A mummy (D:4)
  6 adders
  A worm (D:4)
  5 giant geckos
  5 orcs (D:3)
  7 bats
  6 giant cockroaches
  5 hobgoblins
  4 jackals (D:1)
  2 quokkas
  6 giant newts
  A gnoll skeleton (D:4)
  8 goblins
  3 kobolds
  14 rats
81 creatures vanquished.

Vanquished Creatures (collateral kills)
  An orc (D:3)
1 creature vanquished.

Grand Total: 82 creatures vanquished

Notes
Turn   | Place    | Note
--------------------------------------------------------------
     0 | D:1      | M4edhros, the Octopode Artificer, began the quest for the Orb.
     0 | D:1      | Reached XP level 1. HP: 14/14 MP: 1/1
   111 | D:1      | Reached XP level 2. HP: 10/19 MP: 3/3
   820 | D:2      | Reached XP level 3. HP: 15/24 MP: 4/4
   853 | D:2      | Reached skill level 4 in Stealth
   976 | D:2      | Found a radiant altar of Vehumet.
  1218 | D:3      | Reached XP level 4. HP: 18/29 MP: 6/6
  1290 | D:3      | Reached skill level 5 in Stealth
  1695 | D:3      | Reached XP level 5. HP: 8/34 MP: 7/7
  2675 | D:3      | Reached skill level 6 in Stealth
  2845 | D:4      | Noticed Menkaure
  2853 | D:4      | Killed Menkaure
  2853 | D:4      | Reached skill level 7 in Stealth
  2853 | D:4      | Reached XP level 6. HP: 33/39 MP: 9/9
  2883 | D:4      | Learned a level 4 spell: Condensation Shield
  2934 | D:4      | Noticed Blork the orc
  2938 | D:4      | Killed Blork the orc
  3005 | D:4      | Noticed a phantom
  3023 | D:4      | Killed a phantom
  3023 | D:4      | Reached skill level 8 in Stealth
  3023 | D:4      | Reached skill level 1 in Ice Magic
  3023 | D:4      | Reached XP level 7. HP: 29/44 MP: 10/10
  3368 | D:4      | HP: 2/44 [orc wizard/orcish dagger (3)]
  3369 | D:4      | Slain by an orc wizard

Action                   |  1- 3 |  4- 6 |  7- 9 || total
-------------------------+-------+-------+-------++-------
Melee: Short sword       |    73 |   106 |    18 ||   197
Evoke: Wand              |       |     8 |     3 ||    11
  Use: Potion            |     4 |     1 |       ||     5
       Scroll            |     4 |       |       ||     4
 Stab: Sleeping          |    13 |     8 |     2 ||    23
